[Event "Late-Titled-Tuesday-Blitz-February-13-2024"]
[Site "Chess.com"]
[Date "2024.02.13"]
[Round "4"]
[White "EsmeraldasAnderson03"]
[Black "aa175"]
[Result "0-1"]
[WhiteElo "2430"]
[BlackElo "2689"]
[TimeControl "180+1"]
[EndTime "14:33:59 PST"]
[Termination "aa175 won by resignation"]

1. d4 Nf6 2. c4 c6 3. Nc3 d5 4. cxd5 cxd5 5. Bf4 Nc6 6. e3 a6 7.
Nf3 e6 8. Bd3 Bd6 9. Bxd6 Qxd6 10.
O-O O-O 11. h3 b5 12. a4 b4 13. Nb1 a5 14. Nbd2 Bb7 15. Nb3 Nd7 16. Rc1 Rfc8 17. Nc5 Nxc5 18. Rxc5 Ne7 19. Qc2 Rxc5 20. dxc5 Qc7 21.
Bxh7+ Kf8 22. Bd3 Rc8 23. Rc1 e5 24. Bb5 d4 25. exd4 Bxf3 26. gxf3 exd4 27. Qe4 Ng6 28.
Qxd4 Nf4 29. Qd7 Ne2+ 30. Kf1 Nxc1 0-1

[Event "Late-Titled-Tuesday-Blitz-February-13-2024"]
[Site "Chess.com"]
[Date "2024.02.13"]
[Round "4"]
[White "hmatyi07"]
[Black "VinzentSpitzl"]
[Result "0-1"]
[WhiteElo "2246"]
[BlackElo "2503"]
[TimeControl "180+1"]
[EndTime "14:34:09 PST"]
[Termination "VinzentSpitzl won by resignation"]

1. d4 Nf6 2. c4 e6 3. g3 d5 4. Bg2 Bb4+ 5. Nd2 O-O 6. Nf3 b6 7.
O-O Bb7 8. Qa4 Be7 9. Qc2 Nbd7 10. b3 c5 11. Bb2 Rc8 12. Rad1 dxc4 13. bxc4 cxd4 14.
Nxd4 Bxg2 15. Kxg2 Qc7 16. Nb5 Qc6+ 17. Kg1 Qxb5 0-1

[Event "Late-Titled-Tuesday-Blitz-February-13-2024"]
[Site "Chess.com"]
[Date "2024.02.13"]
[Round "4"]
[White "2L8IWUN"]
[Black "fks_stal_mielec"]
[Result "1-0"]
[WhiteElo "1981"]
[BlackElo "2267"]
[TimeControl "180+1"]
[EndTime "14:34:11 PST"]
[Termination "2L8IWUN won by resignation"]

1. d4 c5 2. c3 cxd4 3. cxd4 g6 4. Nc3 Bg7 5. e4 Nc6 6. Nf3 d6 7. h3 Nf6 8. Bc4 O-O 9. O-O Be6 10. d5 Na5 11.
dxe6 Nxc4 12. exf7+ Rxf7 13. Ng5 Qb6 14. Nxf7 Kxf7 15.
Nd5 Nxd5 16. Qxd5+ 1-0

[Event "Late-Titled-Tuesday-Blitz-February-13-2024"]
[Site "Chess.com"]
[Date "2024.02.13"]
[Round "4"]
[White "FredddieCroderg"]
[Black "guillembaches"]
[Result "0-1"]
[WhiteElo "2283"]
[BlackElo "2527"]
[TimeControl "180+1"]
[EndTime "14:34:15 PST"]
[Termination "guillembaches won by resignation"]

1. e4 c5 2. c3 d5 3. exd5 Qxd5 4. d4 Nc6 5. Nf3 Bg4 6. Be3 cxd4 7. cxd4 Bxf3 8.
Qxf3 Qxf3 9. gxf3 O-O-O 10. Nc3 Nxd4 11. Rc1 Kb8 12. Bf4+ Ka8 13. Nd5 e5 14. Bxe5 Nxf3+ 0-1

[Event "Late-Titled-Tuesday-Blitz-February-13-2024"]
[Site "Chess.com"]
[Date "2024.02.13"]
[Round "4"]
[White "inagreV"]
[Black "rcmz"]
[Result "1-0"]
[WhiteElo "2365"]
[BlackElo "2161"]
[TimeControl "180+1"]
[EndTime "14:34:24 PST"]
[Termination "inagreV won by resignation"]

1. e4 a6 2. d4 b5 3. a4 b4 4. Nf3 Bb7 5. Bd3 e6 6. O-O Nf6 7. Re1 c5 8. dxc5 Bxc5 9. Nbd2 Qb6 10. Qe2 Nc6 11. Nc4 Qc7 12. Bg5 h6 13. Bh4 Nd4 14. Nxd4 Bxd4 15. e5 Ng8 16. Nd6+ Kf8 17. Qh5 g6 18.
Bxg6 Qc6 19. Be4 1-0

[Event "Late-Titled-Tuesday-Blitz-February-13-2024"]
[Site "Chess.com"]
[Date "2024.02.13"]
[Round "4"]
[White "sergiochess83"]
[Black "TheMagician"]
[Result "1-0"]
[WhiteElo "2846"]
[BlackElo "2227"]
[TimeControl "180+1"]
[EndTime "14:34:57 PST"]
[Termination "sergiochess83 won by resignation"]

1. d4 Nf6 2. c4 e6 3. g3 d5 4. Bg2 dxc4 5. Nf3 c5 6. O-O Nc6 7. Qa4 Bd7 8. Qxc4 cxd4 9. Nxd4 Nxd4 10. Qxd4 Bc6 11. Bxc6+ bxc6 12. Qxd8+ Kxd8 13. Nd2 Kc7 14.
Nc4 Nd7 15. Bf4+ e5 16. Nxe5 Bd6 17. Nxf7 Bxf4 18. Nxh8 Be5 19. Nf7 Bxb2 20. Rab1 Bf6 21. Rfd1 Be7 22. Rb7+ Kxb7 23. Rxd7+ Kb6 24. Rxe7 c5 25.
Ne5 Rd8 26. Rxg7 Rd5 27. f4 a5 28. Rxh7 Kb5 29. Rb7+ Ka6 30. Rd7 Rxd7 31. Nxd7 c4 32.
f5 c3 33. Nc5+ Kb5 34. Nd3 Kc4 35. f6 Kd5 36. f7 Ke4 37. f8=Q Ke3 38. Qc5+ Kxe2 39.
Qxc3 Ke3 1-0

[Event "Late-Titled-Tuesday-Blitz-February-13-2024"]
[Site "Chess.com"]
[Date "2024.02.13"]
[Round "4"]
[White "Balla_Tamas"]
[Black "albi1999"]
[Result "0-1"]
[WhiteElo "2390"]
[BlackElo "2597"]
[TimeControl "180+1"]
[EndTime "14:35:00 PST"]
[Termination "albi1999 won by resignation"]

1. e4 c5 2. c3 a6 3. d4 e6 4. Nf3 d5 5. exd5 Qxd5 6. Be3 Nf6 7. Bd3 b6 8. O-O Bb7 9. Qe2 Nbd7 10. c4 Qh5 11. d5 Bd6 12. dxe6 Bxf3 13. exd7+ Kd8 0-1

[Event "Late-Titled-Tuesday-Blitz-February-13-2024"]
[Site "Chess.com"]
[Date "2024.02.13"]
[Round "4"]
[White "SergioMoralesG"]
[Black "HanSchut"]
[Result "1-0"]
[WhiteElo "2525"]
[BlackElo "2269"]
[TimeControl "180+1"]
[EndTime "14:35:05 PST"]
[Termination "SergioMoralesG won by resignation"]

1. d4 Nf6 2. c4 g6 3. Nc3 d5 4.
Nf3 Bg7 5. e3 O-O 6. cxd5 Nxd5 7. Bc4 Nb6 8. Bb3 c5 9. O-O cxd4 10.
exd4 Nc6 11. d5 Na5 12. Re1 Nxb3 13. axb3 Bg4 14. h3 Bxf3 15. Qxf3 Bxc3 16. bxc3 Qxd5 17. Qxd5 Nxd5 18. c4 Nb4 19. Rxe7 Rfe8 20. Rxe8+ Rxe8 21. Bd2 Nc6 22. b4 Re2 23. Be1 a6 24. b5 axb5 25. cxb5 Nd8 26. Kf1 Re8 27. Ra8 f5 28. Ba5 1-0

[Event "Late-Titled-Tuesday-Blitz-February-13-2024"]
[Site "Chess.com"]
[Date "2024.02.13"]
[Round "4"]
[White "igorknyazev"]
[Black "Cristi_Coca"]
[Result "0-1"]
[WhiteElo "2184"]
[BlackElo "2381"]
[TimeControl "180+1"]
[EndTime "14:35:08 PST"]
[Termination "Cristi_Coca won by checkmate"]

1. e4 c5 2. f4 e6 3. Nf3 Nc6 4. c3 d5 5. exd5 exd5 6. Be2 Nf6 7.
O-O Bd6 8. d4 O-O 9. Kh1 Re8 10.
Ne5 Bf5 11. Be3 Ne4 12. Nxc6 bxc6 13. dxc5 Nxc5 14. Bd4 Ne4 15. b4 Qh4 16. Qe1 Qh6 17.
Be3 Nf6 18. Qf2 Re7 19. Bf3 Rae8 20. Bd4 Bxf4 21. Na3 Qxh2# 0-1

[Event "Late-Titled-Tuesday-Blitz-February-13-2024"]
[Site "Chess.com"]
[Date "2024.02.13"]
[Round "4"]
[White "picturesquecheck"]
[Black "Malev212"]
[Result "0-1"]
[WhiteElo "2410"]
[BlackElo "2678"]
[TimeControl "180+1"]
[EndTime "14:35:11 PST"]
[Termination "Malev212 won by resignation"]

1. e4 c5 2. Nf3 d6 3. d4 cxd4 4. Nxd4 Nf6 5. Nc3 g6 6. Be3 a6 7.
Bc4 Bg7 8. f3 Nbd7 9. Qd2 b5 10.
Bb3 Nc5 11. h4 h5 12. O-O-O Bd7 13. Kb1 Rc8 14. Nd5 Nxd5 15. exd5 a5 16. c3 b4 17.
cxb4 axb4 18. Qxb4 O-O 19. Qd2 Nxb3 20. Nxb3 Bf5+ 21.
Ka1 Rc2 0-1

[Event "Late-Titled-Tuesday-Blitz-February-13-2024"]
[Site "Chess.com"]
[Date "2024.02.13"]
[Round "4"]
[White "Sleepless_Knightmare"]
[Black "YurasovMat-2012"]
[Result "0-1"]
[WhiteElo "2297"]
[BlackElo "2660"]
[TimeControl "180+1"]
[EndTime "14:35:20 PST"]
[Termination "YurasovMat-2012 won by checkmate"]

1. e4 e5 2. f4 d5 3. exd5 exf4 4.
Nf3 Nf6 5. Bc4 Nxd5 6. Bxd5 Qxd5 7. Nc3 Qe6+ 8. Kf2 Qb6+ 9. d4 Be6 10. Re1 Be7 11.
Na4 Qa6 12. c3 O-O 13. d5 Rd8 14. Re5 Bf6 15. Bxf4 Bxe5 16. Bxe5 Rxd5 17. Qc2 Nc6 18. Re1 b5 19. c4 Rxe5 20. Nxe5 Nxe5 21. Rxe5 bxa4 22. Qe4 Qb6+ 23. c5 Qxb2+ 24. Kg3 Rd8 25. h3 h6 26. Kh2 Qxa2 27. Qc6 Bd5 28. Re8+ Rxe8 29. Qxe8+ Kh7 30. Kg3 Qxg2+ 31. Kf4 Qf3+ 32. Ke5 Qe4# 0-1

[Event "Late-Titled-Tuesday-Blitz-February-13-2024"]
[Site "Chess.com"]
[Date "2024.02.13"]
[Round "4"]
[White "Konavets"]
[Black "Semetey"]
[Result "1-0"]
[WhiteElo "3023"]
[BlackElo "2617"]
[TimeControl "180+1"]
[EndTime "14:35:21 PST"]
[Termination "Konavets won on time"]

1. e4 e5 2. Nf3 Nc6 3. Bb5 a6 4. Ba4 Nf6 5. Qe2 b5 6. Bb3 Bc5 7. c3 O-O 8. O-O d6 9. Rd1 Bg4 10. h3 Bh5 11. d3 h6 12. Nbd2 Re8 13. Nf1 d5 14. g4 Bg6 15. Ng3 Na5 16. Bc2 Bb6 17.
Nh4 Bh7 18. Nhf5 c5 19. Qf3 d4 20. g5 hxg5 21. Bxg5 Re6 22. cxd4 cxd4 23. b4 Nc6 24.
Bb3 Nxb4 25. Bxe6 fxe6 26. Nxg7 Kxg7 27. Bxf6+ 1-0

[Event "Late-Titled-Tuesday-Blitz-February-13-2024"]
[Site "Chess.com"]
[Date "2024.02.13"]
[Round "4"]
[White "aghasiyevkamal"]
[Black "HansOnTwitch"]
[Result "0-1"]
[WhiteElo "2656"]
[BlackElo "3153"]
[TimeControl "180+1"]
[EndTime "14:35:22 PST"]
[Termination "HansOnTwitch won by resignation"]

1. d4 Nf6 2. c4 g6 3. Nc3 Bg7 4. e4 d6 5. Be2 O-O 6. Bg5 c5 7. d5 e6 8. Nf3 exd5 9. exd5 h6 10. Bh4 g5 11. Bg3 Nh5 12. Nd2 Nxg3 13. hxg3 Re8 14. O-O Nd7 15. Bg4 Ne5 16. Bxc8 Qxc8 17. Qc2 Qg4 18. Nce4 Rad8 19. f3 Qd7 20. g4 f5 21.
gxf5 Qxf5 22. Rac1 Ng6 23. Rfe1 Bd4+ 24. Kh2 g4 25. Ng3 Qg5 26. Rxe8+ Rxe8 27. Nf5 g3+ 0-1

[Event "Late-Titled-Tuesday-Blitz-February-13-2024"]
[Site "Chess.com"]
[Date "2024.02.13"]
[Round "4"]
[White "manitodeplomo"]
[Black "Teidi96"]
[Result "1-0"]
[WhiteElo "2644"]
[BlackElo "2286"]
[TimeControl "180+1"]
[EndTime "14:35:22 PST"]
[Termination "manitodeplomo won by resignation"]

1. d4 Nf6 2. c4 e6 3. Nf3 d5 4. Nc3 Be7 5. Bg5 O-O 6. Qc2 c6 7. e3 Nbd7 8. O-O-O Re8 9. Kb1 Nf8 10. Ne5 Ng6 11.
f4 h6 12. Nxg6 fxg6 13. Bxf6 Bxf6 14. Qxg6 Bd7 15. Bd3 Rf8 16. h4 Be8 17. Qh7+ Kf7 18. g4 Bxh4 19. Bg6+ Ke7 20. Rxh4 Kd7 21. Qxg7+ Kc8 22.
Rxh6 a5 23. Rdh1 a4 24. Bxe8 Qxe8 25. Rh8 1-0

[Event "Late-Titled-Tuesday-Blitz-February-13-2024"]
[Site "Chess.com"]
[Date "2024.02.13"]
[Round "4"]
[White "MajorCoast"]
[Black "SamCopeland"]
[Result "1-0"]
[WhiteElo "2209"]
[BlackElo "2377"]
[TimeControl "180+1"]
[EndTime "14:35:29 PST"]
[Termination "MajorCoast won by resignation"]

1. Nc3 f5 2. e4 e5 3. Bc4 Nf6 4. d3 Nc6 5. Bg5 Bc5 6. Nd5 Be7 7. Bxf6 Bxf6 8. Qh5+ g6 9. Qh6 d6 10. h4 Na5 11. h5 Nxc4 12. hxg6 Be6 13. g7 Bxd5 14.
gxh8=Q+ Bxh8 15. exd5 Nb6 16. Qxh7 Bf6 17. Qg8+ Ke7 18.
Rh7+ 1-0

[Event "Late-Titled-Tuesday-Blitz-February-13-2024"]
[Site "Chess.com"]
[Date "2024.02.13"]
[Round "4"]
[White "gahryman"]
[Black "Flaccidmoves"]
[Result "1-0"]
[WhiteElo "2689"]
[BlackElo "2424"]
[TimeControl "180+1"]
[EndTime "14:35:30 PST"]
[Termination "gahryman won by resignation"]

1. e4 Nf6 2. e5 Nd5 3. d4 d6 4. c4 Nb6 5. f4 dxe5 6. fxe5 Bf5 7.
Be3 e6 8. Nc3 Bb4 9. Nf3 Nc6 10.
Be2 O-O 11. O-O Bxc3 12. bxc3 Na5 13. Nd2 Bg6 14. Qe1 c5 15. h4 h6 16. Qg3 Kh8 17. h5 Bh7 18. d5 exd5 19. Bxc5 Rg8 20. Rxf7 Nbxc4 21. Nxc4 Nxc4 22. e6 Qe8 23. Bd4 1-0

[Event "Late-Titled-Tuesday-Blitz-February-13-2024"]
[Site "Chess.com"]
[Date "2024.02.13"]
[Round "4"]
[White "waltereador"]
[Black "Tolya2"]
[Result "0-1"]
[WhiteElo "2269"]
[BlackElo "2506"]
[TimeControl "180+1"]
[EndTime "14:35:34 PST"]
[Termination "Tolya2 won by resignation"]

1. e4 c5 2. b4 b6 3. bxc5 bxc5 4.
Nc3 d6 5. Rb1 g6 6. Nf3 Bg7 7.
Bb5+ Bd7 8. Bxd7+ Nxd7 9. Nd5 Ngf6 10. Nxf6+ Nxf6 11. d3 O-O 12. O-O Qa5 13. a3 Rab8 14. Rb3 Rxb3 15. cxb3 Rb8 16. Bb2 Nd7 17. Bxg7 Kxg7 18.
Qa1+ f6 19. Rb1 Ne5 20. Nxe5 fxe5 21. Qa2 Qc3 22. b4 Qxd3 23. Re1 cxb4 24. axb4 Rxb4 25. Qxa7 Kf6 26. Qa8 Rb1 27. Qh8+ Ke6 28. Qc8+ Kf7 29. Qc1 Rxc1 30. Rxc1 Qxe4 31. f3 Qe3+ 0-1

[Event "Late-Titled-Tuesday-Blitz-February-13-2024"]
[Site "Chess.com"]
[Date "2024.02.13"]
[Round "4"]
[White "babero_gordo"]
[Black "wild3000"]
[Result "1-0"]
[WhiteElo "2146"]
[BlackElo "2307"]
[TimeControl "180+1"]
[EndTime "14:35:35 PST"]
[Termination "babero_gordo won by resignation"]

1. e4 a6 2. Nf3 e6 3. d3 c5 4. Nc3 b5 5. g3 Bb7 6. Bg2 d5 7. exd5 exd5 8. O-O d4 9. Ne4 Be7 10.
Re1 Nd7 11. a4 Ngf6 12. Nd6+ Kf8 13. Nxb7 Qc7 14. Nd2 Rb8 15. axb5 axb5 16. Na5 h5 17. Rxe7 Kxe7 18. Nc6+ Kf8 19. Nxb8 Nxb8 20. Ne4 Ng4 21. Bf4 Ne5 22. Ra2 f6 23. Ra8 g5 24. Bxe5 Qxe5 25. Nxc5 Qxc5 26. Rxb8+ Kg7 27. Rxh8 Kxh8 28. Qxh5+ Kg7 29.
Be4 Qxc2 30. Qg6+ Kf8 31. Qxf6+ Ke8 32. Bc6+ 1-0

[Event "Late-Titled-Tuesday-Blitz-February-13-2024"]
[Site "Chess.com"]
[Date "2024.02.13"]
[Round "4"]
[White "dolynachess"]
[Black "JaackCamel"]
[Result "1-0"]
[WhiteElo "2486"]
[BlackElo "2203"]
[TimeControl "180+1"]
[EndTime "14:35:36 PST"]
[Termination "dolynachess won by resignation"]

1. d4 d5 2. c4 e6 3. Nf3 c6 4. g3 dxc4 5. Bg2 b5 6. O-O Bb7 7. Nc3 a6 8. e4 Nd7 9. a4 Ngf6 10. e5 Nd5 11. Ng5 Be7 12. Qh5 g6 13. Qh6 Bf8 14. Qh3 Bg7 15. Nce4 Bf8 16. Nxe6 fxe6 17. Qxe6+ Qe7 18. Nd6+ Kd8 19. Bg5 Qxg5 20. Nf7+ Kc7 21. Nxg5 Be7 22. Nf7 Rhe8 23. Nd6 Bxd6 24. Qxd6+ Kb6 1-0

[Event "Late-Titled-Tuesday-Blitz-February-13-2024"]
[Site "Chess.com"]
[Date "2024.02.13"]
[Round "4"]
[White "OK97"]
[Black "OneTrickPony_82"]
[Result "1-0"]
[WhiteElo "2852"]
[BlackElo "2579"]
[TimeControl "180+1"]
[EndTime "14:35:37 PST"]
[Termination "OK97 won by resignation"]

1. d4 Nf6 2. Nf3 d5 3. e3 c5 4. Bb5+ Nbd7 5. O-O Qc7 6. c4 dxc4 7. d5 a6 8. Bxc4 b5 9. Be2 Bb7 10. a4 b4 11. e4 Nxe4 12. Re1 Ndf6 13. Bc4 Nd6 14. Bf4 Qd8 15. Nbd2 Nxc4 16. Nxc4 Bxd5 17. Nd6+ Kd7 18.
Nxf7 Qe8 19. N3e5+ Kc8 20. Nxh8 e6 21. Nhf7 Kb7 22.
Rc1 Rc8 23. Bg3 Qxa4 1-0

[Event "Late-Titled-Tuesday-Blitz-February-13-2024"]
[Site "Chess.com"]
[Date "2024.02.13"]
[Round "4"]
[White "Beca95"]
[Black "sotochess"]
[Result "1-0"]
[WhiteElo "2892"]
[BlackElo "2586"]
[TimeControl "180+1"]
[EndTime "14:35:49 PST"]
[Termination "Beca95 won by resignation"]

1. b3 e5 2. Bb2 Nc6 3. e3 a6 4. c4 Nf6 5. Nf3 e4 6. Nd4 Ne5 7. f4 exf3 8. Nxf3 Ng6 9. Nc3 d6 10.
Qc2 Ng4 11. h3 N4e5 12. O-O-O Bd7 13. Be2 c6 14. h4 Nxf3 15. gxf3 Qa5 16. h5 Ne5 17. f4 Ng4 18. Rdg1 Nh6 19. Rg5 Qc7 20. Ne4 f6 21. Nxf6+ gxf6 22. Bxf6 Rg8 23. Qxh7 Rxg5 24.
fxg5 Nf7 25. g6 Be6 26. g7 Bxg7 27. Qxg7 Kd7 28. h6 Qa5 29. Bg4 1-0

[Event "Late-Titled-Tuesday-Blitz-February-13-2024"]
[Site "Chess.com"]
[Date "2024.02.13"]
[Round "4"]
[White "djano"]
[Black "KorolDimitriy75"]
[Result "1-0"]
[WhiteElo "2668"]
[BlackElo "2423"]
[TimeControl "180+1"]
[EndTime "14:35:56 PST"]
[Termination "djano won on time"]

1. e4 c5 2. Nc3 g6 3. Bc4 Bg7 4.
h4 h5 5. Qf3 e6 6. d4 Ne7 7. d5 O-O 8. Bg5 f6 9. Be3 Qa5 10.
O-O-O Kh7 11. g4 hxg4 12. Qxg4 exd5 13. h5 dxc4 14. hxg6+ Kg8 15. Qh5 Re8 16. Qh7+ Kf8 17. Bh6 Nf5 18. exf5 Ke7 19. Qxg7+ Kd8 20. Qxf6+ 1-0

[Event "Late-Titled-Tuesday-Blitz-February-13-2024"]
[Site "Chess.com"]
[Date "2024.02.13"]
[Round "4"]
[White "SpeedofLight0"]
[Black "Hilary46"]
[Result "1-0"]
[WhiteElo "3039"]
[BlackElo "2618"]
[TimeControl "180+1"]
[EndTime "14:36:08 PST"]
[Termination "SpeedofLight0 won by resignation"]

1. d4 d5 2. Nc3 Nf6 3. Bf4 a6 4. e3 e6 5. Nf3 c5 6. Bd3 c4 7.
Be2 b5 8. O-O Bb7 9. Ne5 Nc6 10.
Bg5 Be7 11. f4 b4 12. Na4 Nxe5 13. fxe5 Ne4 14. Bxe7 Qxe7 15. Bf3 Bc6 16. c3 bxc3 17. Bxe4 cxb2 18. Nxb2 dxe4 19. Nxc4 O-O 20. Nd6 Bd5 21. Qa4 f6 22. Rac1 fxe5 23. dxe5 Qg5 24. Qd4 Bxa2 25. Nxe4 Qg6 26. Nd6 a5 27. Qa4 Bb1 28. Rxb1 1-0

[Event "Late-Titled-Tuesday-Blitz-February-13-2024"]
[Site "Chess.com"]
[Date "2024.02.13"]
[Round "4"]
[White "Doudou2015"]
[Black "terrortoast"]
[Result "0-1"]
[WhiteElo "2197"]
[BlackElo "2472"]
[TimeControl "180+1"]
[EndTime "14:36:12 PST"]
[Termination "terrortoast won on time"]

1. b3 e5 2. Bb2 Nc6 3. e3 Nf6 4. Bb5 e4 5. d4 exd3 6. Bxd3 d5 7. Nf3 Bd6 8. h3 Qe7 9. Nbd2 Bd7 10. a3 h6 11. O-O O-O-O 12. b4 Ne4 13. b5 Ne5 14. Bxe4 dxe4 15. Nxe5 Bxe5 16. Bxe5 Qxe5 17. a4 g5 18. Qe2 g4 19. h4 g3 20. f4 Qf6 21.
Nxe4 Qxh4 22. Nxg3 Qxg3 23. Rf3 Qg7 24. Rff1 Bf5 25.
e4 Qd4+ 26. Kh2 Qxe4 27. Qf2 Rhg8 28. Rg1 Qd4 29. Qe2 Qxf4+ 0-1

[Event "Late-Titled-Tuesday-Blitz-February-13-2024"]
[Site "Chess.com"]
[Date "2024.02.13"]
[Round "4"]
[White "arenal72"]
[Black "kuli4ik"]
[Result "0-1"]
[WhiteElo "2579"]
[BlackElo "2865"]
[TimeControl "180+1"]
[EndTime "14:36:24 PST"]
[Termination "kuli4ik won by resignation"]

1. Nf3 g6 2. g3 Bg7 3. Bg2 e5 4. d3 Ne7 5. O-O d5 6. c4 dxc4 7. dxc4 O-O 8. Nc3 Be6 9. Nd2 Qc8 10. b3 Rd8 11. Bb2 Bh3 12. e3 Bxg2 13. Kxg2 Nbc6 14. Qe2 Qe6 15. Rad1 f5 16. Nb5 Rd7 17. Nb1 Rad8 18. Rxd7 Rxd7 19. Rd1 a6 20. N5c3 Kf7 21. Na4 b6 22. Rxd7 Qxd7 23. Qd2 Qxd2 24. Nxd2 Nb4 25.
a3 Nd3 26. Ba1 Nc6 27. Nb2 Ne1+ 0-1

[Event "Late-Titled-Tuesday-Blitz-February-13-2024"]
[Site "Chess.com"]
[Date "2024.02.13"]
[Round "4"]
[White "Chessraf-com"]
[Black "pedroholly22"]
[Result "0-1"]
[WhiteElo "2342"]
[BlackElo "2527"]
[TimeControl "180+1"]
[EndTime "14:36:25 PST"]
[Termination "pedroholly22 won by checkmate"]

1. Nf3 b6 2. g3 Bb7 3. Bg2 Nf6 4. O-O g6 5. d3 Bg7 6. e4 d6 7. Nc3 O-O 8. Bd2 Na6 9. Qc1 e5 10. Bh6 Nc5 11. Bxg7 Kxg7 12. Nh4 d5 13. exd5 Nxd5 14.
Nxd5 Bxd5 15. Re1 Bxg2 16. Nxg2 f6 17. f4 Ne6 18. fxe5 Qd4+ 19. Kh1 fxe5 20. Re4 Qd6 21. Qe1 Nd4 22. Ne3 Qc6 23. c3 Nf3 24. Qe2 Ng5 25. Rd1 Nxe4 26. dxe4 Qxe4+ 27. Kg1 Rf3 28. Rd7+ Kh8 29.
Qb5 Qxe3+ 30. Kg2 Rf2+ 31. Kh3 Qh6+ 32. Kg4 Qh5# 0-1

[Event "Late-Titled-Tuesday-Blitz-February-13-2024"]
[Site "Chess.com"]
[Date "2024.02.13"]
[Round "4"]
[White "Hikaru"]
[Black "Durarbayli"]
[Result "0-1"]
[WhiteElo "3319"]
[BlackElo "2931"]
[TimeControl "180+1"]
[EndTime "14:36:26 PST"]
[Termination "Durarbayli won by resignation"]

1. e4 e6 2. d3 d5 3. Nd2 Nc6 4. Ngf3 g6 5. e5 d4 6. a4 Bg7 7. Nc4 b6 8. h4 h6 9. g3 Ba6 10. Bf4 Nge7 11. Bg2 Nd5 12. Bd2 Qd7 13. O-O O-O-O 14.
a5 b5 15. Na3 g5 16. hxg5 hxg5 17. Bxg5 Rdg8 18. Qe2 Rh5 19. Rfe1 Bf8 20. Bd2 Rgh8 21. c4 dxc3 22. bxc3 b4 23. Nb1 bxc3 24. Nxc3 Ndb4 25. Be3 Qxd3 26. Qb2 Qh7 27. Nh4 Rxh4 28. gxh4 Qxh4 29. f4 Qh2+ 30. Kf2 Nd3+ 0-1

[Event "Late-Titled-Tuesday-Blitz-February-13-2024"]
[Site "Chess.com"]
[Date "2024.02.13"]
[Round "4"]
[White "nihalsarin"]
[Black "MusicCityMaster"]
[Result "1-0"]
[WhiteElo "3190"]
[BlackElo "2462"]
[TimeControl "180+1"]
[EndTime "14:36:27 PST"]
[Termination "nihalsarin won by resignation"]

1. c4 e5 2. g3 Nc6 3. Bg2 f5 4. Nc3 Nf6 5. d3 Bb4 6. Bd2 O-O 7. Rc1 d6 8. a3 Bxc3 9. Bxc3 f4 10. Nf3 Bg4 11. O-O Qd7 12. Re1 Bh3 13. Bh1 Rae8 14. c5 d5 15. b4 a6 16. a4 e4 17. dxe4 Nxe4 18. b5 axb5 19. axb5 Ne7 20. c6 bxc6 21. bxc6 Qf5 22. Qd4 Qg6 23. Nh4 Qg5 24. Nf3 Qg6 25. Ne5 Qg5 26. Bxe4 dxe4 27. Qc4+ Kh8 28. Nf7+ Rxf7 29.
Qxf7 Rg8 30. Qxf4 Qg6 31. Qxc7 Nd5 32. Qe5 Nf6 33. c7 e3 34. f3 Qf7 35. Bd4 Ng4 36.
Qxg7+ Qxg7 37. Bxg7+ 1-0

[Event "Late-Titled-Tuesday-Blitz-February-13-2024"]
[Site "Chess.com"]
[Date "2024.02.13"]
[Round "4"]
[White "InadaC"]
[Black "NikolaGry"]
[Result "0-1"]
[WhiteElo "2223"]
[BlackElo "2715"]
[TimeControl "180+1"]
[EndTime "14:36:30 PST"]
[Termination "NikolaGry won on time"]

1. d4 d5 2. c4 Nc6 3. e3 e6 4. Nc3 Nf6 5. Nf3 Bb4 6. Bd2 O-O 7.
cxd5 exd5 8. h3 a6 9. Bd3 Re8 10.
O-O Bd6 11. Qc2 Nb4 12. Qb1 Nxd3 13. Qxd3 c6 14. a3 Ne4 15. Rfe1 Qf6 16. Qc2 Bxh3 17.
Nxe4 Rxe4 18. Ne5 Bxe5 19. dxe5 Qg6 20. g3 Qh5 21. f3 Qxf3 0-1

[Event "Late-Titled-Tuesday-Blitz-February-13-2024"]
[Site "Chess.com"]
[Date "2024.02.13"]
[Round "4"]
[White "cthake"]
[Black "Conejoviejo67"]
[Result "0-1"]
[WhiteElo "1805"]
[BlackElo "2439"]
[TimeControl "180+1"]
[EndTime "14:36:35 PST"]
[Termination "Conejoviejo67 won by resignation"]

1. e4 e6 2. d3 d5 3. Nd2 Nf6 4. g3 c5 5. Bg2 Nc6 6. Ngf3 Be7 7.
O-O O-O 8. e5 Nd7 9. Re1 Qc7 10.
Qe2 f6 11. exf6 Nxf6 12. c3 Bd6 13. Ng5 e5 14. h4 h6 15. Nh3 Bg4 16. f3 Be6 17.
Nf1 Rae8 18. Qf2 Qd7 19. g4 Nxg4 20. Qg3 e4 21. Bf4 Bxf4 22. Nxf4 exf3 23. Bxf3 Nge5 24.
Nxe6 Nxf3+ 25. Kg2 Nxe1+ 26. Rxe1 Rxe6 0-1

[Event "Late-Titled-Tuesday-Blitz-February-13-2024"]
[Site "Chess.com"]
[Date "2024.02.13"]
[Round "4"]
[White "Alexei_Gubajdullin"]
[Black "Viktor_Poddubnyi"]
[Result "1-0"]
[WhiteElo "2642"]
[BlackElo "2276"]
[TimeControl "180+1"]
[EndTime "14:36:37 PST"]
[Termination "Alexei_Gubajdullin won by resignation"]

1. Nf3 g6 2. g3 Bg7 3. Bg2 Nf6 4.
O-O O-O 5. d3 c5 6. e4 Nc6 7.
Re1 d6 8. c3 e5 9. a3 h6 10. b4 a6 11. Be3 Qe7 12. h3 b6 13.
Nbd2 Bb7 14. Rb1 cxb4 15. axb4 b5 16. d4 exd4 17. cxd4 Rfe8 18. d5 Ne5 19. Nxe5 dxe5 20. Nb3 Nd7 21. Na5 Reb8 22. h4 Bf8 23. Bh3 Qd8 24. Nc6 Bxc6 25. dxc6 Nf6 26. Qxd8 Rxd8 27. c7 Rdc8 28. Bxc8 Rxc8 29. Bb6 Nd7 30. Ba5 1-0

[Event "Late-Titled-Tuesday-Blitz-February-13-2024"]
[Site "Chess.com"]
[Date "2024.02.13"]
[Round "4"]
[White "Eloist"]
[Black "deepfear"]
[Result "1-0"]
[WhiteElo "2443"]
[BlackElo "1979"]
[TimeControl "180+1"]
[EndTime "14:36:39 PST"]
[Termination "Eloist won on time"]

1. e4 c5 2. Nf3 g6 3. c3 Bg7 4. d4 cxd4 5. cxd4 d5 6. e5 Bg4 7.
Bb5+ Nc6 8. Nbd2 Qa5 9. Bxc6+ bxc6 10. O-O e6 11. Nb3 Qa4 12. h3 Bxf3 13. Qxf3 Ne7 14. g4 h5 15. Bg5 hxg4 16. hxg4 Rb8 17. Kg2 Rxb3 18. Qxb3 Qxb3 19. axb3 Nc8 20. Rh1 Rxh1 21. Rxh1 Kd7 22. Rh7 Bf8 23. Rxf7+ Be7 24. Bxe7 Nxe7 25.
f4 Ke8 26. Rf6 Kd7 27. Kg3 a5 28. Kh4 1-0

[Event "Late-Titled-Tuesday-Blitz-February-13-2024"]
[Site "Chess.com"]
[Date "2024.02.13"]
[Round "4"]
[White "AlexeiShirov"]
[Black "FairChess_on_YouTube"]
[Result "0-1"]
[WhiteElo "2866"]
[BlackElo "3092"]
[TimeControl "180+1"]
[EndTime "14:36:41 PST"]
[Termination "FairChess_on_YouTube won by resignation"]

1. e4 c5 2. Nf3 Nc6 3. d4 cxd4 4. Nxd4 Qb6 5. Nb3 e6 6. Nc3 Qc7 7. Qe2 a6 8. Bd2 d6 9. O-O-O Be7 10.
f4 b5 11. g4 b4 12. Nd5 exd5 13. exd5 Na5 14. Bxb4 Nxb3+ 15. axb3 Nf6 16. Rg1 O-O 17. g5 Ne8 18. Re1 Qb6 19. Qxe7 Bf5 20. Bc3 Qxg1 21. h4 Qf2 0-1